 Dungeon Crawl Stone Soup version 0.29.0-4-gdea44cf6ec (webtiles) character file.

Game seed: 1268601613949190763

95 qw the Ruffian (level 4, -9/36 HPs)
             Began as a Ghoul Fire Elementalist on Aug 29, 2022.
             Mangled by Sigmund
             ... wielding a +0 scythe
              (10 damage)
             ... on level 3 of the Dungeon.
             The game lasted 00:02:01 (2698 turns).

qw the Ruffian (Ghoul Fire Elementalist)            Turns: 2698, Time: 00:02:01

Health: -9/36      AC:  8    Str: 13    XL:     4   Next: 65%
Magic:  5/5        EV:  9    Int: 10    God:
Gold:   67         SH:  0    Dex:  9    Spells: 5/6 levels left

rFire   . . .      SeeInvis .     - Unarmed
rCold   + . .      Faith    .   (no shield)
rNeg    + + +      Spirit   .   a - +0 scale mail
rPois   inf        Reflect  .   (no helmet)
rElec   .          Harm     .   (no cloak)
rCorr   .          Rampage  .   g - +0 pair of gloves
Will    .....                   d - +0 pair of boots
Stlth   ..........              (no amulet)
HPRegen 0.00/turn               (no ring)
MPRegen 0.09/turn               (no ring)

@: inhibited regen
A: claws 1, cold resistance 1, negative energy resistance 3, inhibited
regeneration, torment resistance 2, devour on kill
a: no special abilities


You were on level 3 of the Dungeon.
You visited 1 branch of the dungeon, and saw 3 of its levels.

You collected 67 gold pieces.


Innate Abilities, Weirdness & Mutations

You are immune to poison.
You have sharp fingernails.
Your flesh is cold resistant. (rC+)
You are immune to negative energy. (rN+++)
You do not regenerate when monsters are visible.
You are immune to unholy pain and torment.
You thrive by killing the living.


   Skills:
 + Level 1.8 Fighting
 - Level 1.7 Dodging
 - Level 2.1 Stealth
 - Level 4.0 Unarmed Combat
 - Level 1.7 Spellcasting
 - Level 0.7 Conjurations
 - Level 2.4 Fire Magic


You had 5 spell levels left.
You knew the following spells:

 Your Spells              Type           Power      Damage    Failure   Level
a - Foxfire               Conj/Fire      16%        2x1d4     63%         1

Your spell library contained the following spells:

 Spells                   Type           Power      Damage    Failure   Level
 Scorch                   Fire           10%        2d5       65%         2
 Conjure Flame            Conj/Fire      4%         6-21      94%         3
 Inner Flame              Hex/Fire       3%         N/A       96%         3
 Flame Wave               Conj/Fire      4%         2d5       100%        4

Inventory:

Armour
 a - a +0 scale mail (worn)
 d - a +0 pair of boots (worn)
 g - a +0 pair of gloves (worn)
Scrolls
 Y - a scroll of identify
Potions
 b - a potion of flight {unknown}
 c - a potion of haste {unknown}
 e - a potion of cancellation {unknown}

Dungeon Overview and Level Annotations

Branches:
Dungeon (3/15)

Altars:

Annotations:
D:3 Sigmund


Message History

Sigmund is heavily wounded.
Sigmund misses you.
You barely miss Sigmund.
Sigmund is heavily wounded.
You hit Sigmund.
Sigmund is heavily wounded.
Sigmund drinks a potion.
Sigmund is healed!
You closely miss Sigmund. Sigmund hits you with a +0 scythe!
You barely miss Sigmund. You hit Sigmund.
Sigmund is lightly wounded.
Sigmund hits you but does no damage.
You hit Sigmund.
Sigmund is lightly wounded.
Sigmund barely misses you.
You barely miss Sigmund.
Sigmund is lightly wounded.
You barely miss Sigmund.
Sigmund is lightly wounded.
Sigmund closely misses you.
You barely miss Sigmund.
Sigmund is lightly wounded.
You barely miss Sigmund.
Sigmund is lightly wounded.
Sigmund completely misses you.
You hit Sigmund but do no damage.
Sigmund is lightly wounded.
Sigmund gestures wildly while chanting.
Sigmund flickers and vanishes!
Deactivating autopickup; reactivate with Ctrl-A.
You hit something.
You hear some strange, mumbled words.
Something tries to affect you, but you resist.
You hit something. Something completely misses you.
You miss something. You punch something. You closely miss something.
Something hits you!
You die...

#.## #...#####
#.#####.####
#...#....
#.....<....# ##
#...#####
##########.# ..
#...# # #. #...#
##. #...# #..
#...# #.{######
#...#
#.#..@....###...#
#.............###
#####...##.####
##.###)# ### #.#
#.# ... ... #..


There were no monsters in sight!

Vanquished Creatures
  Jessica (D:2)
  2 adders
  A dart slug (D:2)
  5 bats
  3 endoplasms
  A giant cockroach (D:2)
  4 goblins
  6 hobgoblins (D:2)
  5 kobolds
  4 quokkas
  3 ball pythons
  6 frilled lizards
  6 rats (D:1)
  A spectral hobgoblin (D:1)
48 creatures vanquished.

Notes
Turn   | Place    | Note
-------+----------+-------------------------------------------
     0 | D:1      | qw the Ghoul Fire Elementalist began the quest for the Orb.
     0 | D:1      | Reached XP level 1. HP: 14/14 MP: 2/2
     0 | D:1      | 0 ||| qw: Version: 0.1-a-90-g952f4b7
     0 | D:1      | 0 ||| qw: Game counter: 3835
     0 | D:1      | 0 ||| qw: Always use a shield: true
     0 | D:1      | 0 ||| qw: God list: Okawaru
     0 | D:1      | 0 ||| qw: Allow faded altars: false
     0 | D:1      | 0 ||| qw: Do Orc after D:15 true
     0 | D:1      | 0 ||| qw: Do second Lair branch before Depths: true
     0 | D:1      | 0 ||| qw: Lair rune preference: random
     0 | D:1      | 0 ||| qw: Plans: Normal
     0 | D:1      | 0 ||| PLANNING D:1-11
   178 | D:1      | Reached skill level 1 in Unarmed Combat
   333 | D:1      | Reached skill level 1 in Fighting
   333 | D:1      | Reached XP level 2. HP: 23/23 MP: 3/3
   477 | D:1      | Found a faded altar of an unknown god.
   581 | D:1      | Reached skill level 2 in Unarmed Combat
   947 | D:1      | 947 ||| UPGRADING to +0 pair of boots.
   952 | D:1      | 952 ||| UPGRADING to +0 ring mail.
   962 | D:1      | 962 ||| DROPPING +0 robe.
   963 | D:1      | 963 ||| READING scroll labelled ESSECO FEH LOU.
   967 | D:1      | 967 ||| READING scroll labelled ICIDIU OSOAM.
   968 | D:1      | 968 ||| READING scroll labelled LULEURAESK.
   969 | D:1      | 969 ||| READING scroll labelled URICZEU HOETI.
   970 | D:1      | 970 ||| READING scroll labelled XAALYO KIFAAFU.
   971 | D:1      | 971 ||| DROPPING potion of magic.
  1014 | D:2      | Reached XP level 3. HP: 26/28 MP: 4/4
  1204 | D:2      | 1204 ||| Stepping ~*~*~tactically~*~*~ (stealth).
  1263 | D:2      | 1263 ||| Stepping ~*~*~tactically~*~*~ (stealth).
  1311 | D:2      | Reached skill level 3 in Unarmed Combat
  1446 | D:2      | 1446 ||| Stepping ~*~*~tactically~*~*~ (outnumbered).
  1447 | D:2      | 1447 ||| Stepping ~*~*~tactically~*~*~ (outnumbered).
  1448 | D:2      | 1448 ||| Stepping ~*~*~tactically~*~*~ (outnumbered).
  1449 | D:2      | 1449 ||| Stepping ~*~*~tactically~*~*~ (outnumbered).
  1462 | D:2      | Noticed Jessica
  1463 | D:2      | 1463 ||| Stepping ~*~*~tactically~*~*~ (hiding).
  1473 | D:2      | Killed Jessica
  1474 | D:2      | Reached XP level 4. HP: 29/35 MP: 5/5
  1651 | D:2      | 1651 ||| Stepping ~*~*~tactically~*~*~ (stealth).
  1659 | D:2      | 1659 ||| Stepping ~*~*~tactically~*~*~ (outnumbered).
  1747 | D:2      | Reached skill level 4 in Unarmed Combat
  2417 | D:2      | 2417 ||| UPGRADING to +0 scale mail.
  2427 | D:2      | 2427 ||| UPGRADING to +0 pair of gloves.
  2432 | D:2      | 2432 ||| DROPPING +0 ring mail.
  2433 | D:2      | 2433 ||| READING 2 scrolls labelled UFIUCU PONI.
  2671 | D:3      | Noticed Sigmund
  2672 | D:3      | 2672 ||| Stepping ~*~*~tactically~*~*~ (hiding).
  2686 | D:3      | HP: 1/36 [Sigmund/+0 scythe (10)]
  2698 | D:3      | Mangled by Sigmund

Levels and vault maps discovered:
D:1:      lightli_arrival_lavapool, layout_basic,
          dreamdust_ecumenical_altar_drowned_temple, minmay_misc_feat_encased
D:2:      layout_basic, lemuel_another_geyser, uniq_jessica
D:3:      layout_loops_ring, serial_co_window_serial, co_window_paths_a,
          co_window_paths_a, co_window_paths_b, co_window_paths_a,
          co_window_of_opportunity_a, co_window_paths_a, co_window_paths_a,
          co_window_corner_a, co_window_corner_a, co_window_2corner,
          co_window_2corner, co_window_unsneaky_path_c, co_window_broadway_a,
          co_window_broadway_c, glass_columns_a, glass_columns_b,
          glass_columns_b, glass_columns_b, uniq_sigmund

Skill      XL: |  1  2  3  4 |
---------------+-------------+-----
Unarmed Combat | 1 2 3 4 |  4.0
Fighting       | 1 |  1.8
Dodging        | |  1.7
Stealth        | |  2.1
Spellcasting   | |  1.7
Conjurations   | |  0.7
Fire Magic     | |  2.4

Action                   |  1- 3 |  4- 6 || total
-------------------------+-------+-------++-------
Melee: Unarmed           |   107 |    97 ||   204
       Punch             |     2 |     2 ||     4
Throw: Boomerang         |    45 |     3 ||    48
  Use: Scroll            |     5 |     1 ||     6
Armor: Robe              |     5 |       ||     5
       Ring mail         |    35 |    14 ||    49
       Scale mail        |       |     9 ||     9
Dodge: Dodged            |    49 |    45 ||    94

Table legend:
 A = Non-vault XP
 B = Vault XP
 C = Vault XP percentage of total XP
 D = Non-vault monster count
 E = Vault monster count
 F = Vault count percentage of total count
                 A         B        C        D         E       F
            +---------+---------+-------+---------+---------+-------
      Total |      98 |      38 |  27.9 |      46 |       2 |   4.2
            +---------+---------+-------+---------+---------+-------
        D:1 |      31 |       1 |   3.1 |      22 |       1 |   4.3
        D:2 |      51 |      37 |  42.0 |      22 |       1 |   4.3
        D:3 |      16 |       0 |   0.0 |       2 |       0 |   0.0
            +---------+---------+-------+---------+---------+-------
